 Dungeon Crawl Stone Soup version 0.29.1-14-g9c671dbff4 (webtiles) character file.

Game seed: 15489390425622214758

148440 cdecastro the Fencer (level 17, -1/170 HPs)
             Began as a Hill Orc Fighter on Feb 14, 2023.
             Was an Elder of Ru.
             Splashed by a goliath frog's acid (8 damage)
             ... on level 4 of the Swamp.
             The game lasted 02:03:58 (33633 turns).

cdecastro the Fencer (Hill Orc Fighter)            Turns: 33633, Time: 02:04:01

Health: -1/170     AC: 25    Str: 28    XL:     17   Next: 49%
Magic:  14/17      EV:  9    Int:  8    God:    Ru [****..]
Gold:   344        SH: 14    Dex: 14    Spells: 16/16 levels left

rFire   + . .      SeeInvis .   b - +7 Singing Sword {vorpal, sonic wave}
rCold   . . .      Faith    .   Y - +2 kite shield {AC+3}
rNeg    . . .      Spirit   .   f - +1 plate armour {rPois}
rPois   +          Reflect  .   y - +1 hat {Will+}
rElec   .          Harm     .   j - +0 cloak {Will+}
rCorr   .          Rampage  .   q - +2 pair of gloves {Str+3}
Will    +++..                   k - +0 pair of boots
Stlth   ..........              I - amulet of Vitality {RegenMP++ Regen++}
HPRegen 1.98/turn               H - +6 ring of dexterity
MPRegen 0.95/turn               Q - ring of protection from fire

@: exhausted
A: clumsy 2, no stealth, hated by all, no fire magic, no hexes magic, no
translocations magic, MP-powered wands, sturdy frame 1
a: Renounce Religion, Draw Out Power, Power Leap


You were on level 4 of the Swamp.
You worshipped Ru.
Ru was greatly pleased with you.
You visited 6 branches of the dungeon, and saw 28 of its levels.
You visited the Abyss 1 time.
You also visited: Ossuary, Gauntlet and Ice Cave.

You collected 2694 gold pieces.
You spent 2350 gold pieces at shops.

Inventory:

Hand Weapons
 a - a +4 vampiric double sword
 b - the +7 Singing Sword (weapon) {vorpal, sonic wave}
   (You found it on level 7 of the Dungeon)

   It inflicts extra damage upon your enemies.
   It radiates damaging sonic waves as it strikes, especially in combat
   involving dangerous or numerous foes.
 c - a +1 scimitar of flaming
 D - the +7 flail of Adupiat {holy, SInv}
   (You found it on level 10 of the Dungeon)

   It has been blessed by the Shining One to cause great damage to the undead
   and demons.
   SInv:      It lets you see invisible.
Missiles
 l - 11 javelins
 t - 2 boomerangs of dispersal
 E - 4 curare-tipped darts
 F - 15 boomerangs (quivered)
 K - 4 silver boomerangs
 T - 7 silver javelins
Armour
 f - a +1 plate armour of poison resistance (worn)
 j - a +0 cloak of willpower (worn)
 k - a +0 pair of boots (worn)
 q - a +2 pair of gloves of strength (worn)
 y - a +1 hat of willpower (worn)
 z - a +0 cloak of preservation
 Y - a +2 kite shield of protection (worn)
Jewellery
 H - a +6 ring of dexterity (left hand)
 I - the amulet of Vitality (around neck) {RegenMP++ Regen++}
   (You took it off a tengu warrior on level 11 of the Dungeon)

   [amulet of magic regeneration]

   It increases your rate of magic regeneration.
   Regen:     It increases your rate of health regeneration.
 M - a ring of willpower
 Q - a ring of protection from fire (right hand)
Wands
 J - a wand of polymorph (17)
 L - a wand of flame (28)
 N - a wand of paralysis (27)
 P - a wand of light (9)
 X - a wand of roots (6)
 Z - a wand of mindburst (10)
Scrolls
 e - 4 scrolls of fear
 g - 2 scrolls of immolation
 r - 5 scrolls of blinking
 s - a scroll of magic mapping
 A - 5 scrolls of vulnerability
 B - 6 scrolls of identify
 R - a scroll of silence
 U - a scroll of torment
 V - 8 scrolls of poison
Potions
 d - 2 potions of might
 h - 15 potions of curing
 i - 4 potions of brilliance
 m - 2 potions of invisibility
 o - 4 potions of resistance
 p - 9 potions of heal wounds
 u - 2 potions of magic
 v - 7 potions of flight
 x - 4 potions of ambrosia
 C - 2 potions of haste
 O - 4 potions of attraction
 S - a potion of mutation
 W - 2 potions of lignification
Miscellaneous
 n - a tin of tremorstones (2/2)
 G - a phial of floods


   Skills:
 - Level 20.0 Fighting
 - Level 20.0 Long Blades
 - Level 11.1 Axes
 - Level 10.0 Armour
 + Level 3.6 Dodging
 - Level 12.0 Shields
 - Level 10.0 Evocations


You had 16 spell levels left.
You didn't know any spells.
Your spell library contained the following spells:

 Spells                   Type           Power      Damage    Failure   Level
 Freeze                   Ice            0%         1d3       99%         1
 Necrotise                Necr           0%         1d4       99%         1
 Sting                    Tmut/Pois      0%         1d3       99%         1
 Poisonous Vapours        Pois/Air       0%         N/A       100%        2
 Sublimation of Blood     Necr           0%         N/A       100%        2
 Wereblood                Tmut           0%         N/A       100%        2
 Frozen Ramparts          Ice            0%         1d1       100%        3
 Vampiric Draining        Necr           0%         2d6       100%        3
 Hailstorm                Conj/Ice       0%         3d3       100%        4
 Ice Form                 Ice/Tmut       0%         N/A       100%        4
 Olgreb's Toxic Radiance  Pois           0%         N/A       100%        4
 Agony                    Necr           0%         N/A       100%        5
 Alistair's Intoxication  Tmut/Pois      0%         N/A       100%        5
 Blade Hands              Tmut           0%         N/A       100%        5
 Borgnjor's Vile Clutch   Necr/Erth      0%         N/A       100%        5
 Iskenderun's Battlesphe  Conj           0%         2d6       100%        5
 Eringya's Noxious Bog    Tmut/Pois      0%         N/A       100%        6
 Iron Shot                Conj/Erth      0%         9d1       100%        6
 Foxfire                  Conj/Fire      Unusable   2x1d4     N/A         1
 Summon Small Mammal      Summ           Unusable   N/A       N/A         1
 Scorch                   Fire           Unusable   2d5       N/A         2
 Call Canine Familiar     Summ           Unusable   N/A       N/A         3
 Conjure Flame            Conj/Fire      Unusable   6-21      N/A         3
 Inner Flame              Hex/Fire       Unusable   N/A       N/A         3
 Summon Guardian Golem    Hex/Summ       Unusable   N/A       N/A         3
 Animate Armour           Summ/Erth      Unusable   N/A       N/A         4
 Flame Wave               Conj/Fire      Unusable   2d4       N/A         4
 Simulacrum               Ice/Necr       Unusable   N/A       N/A         6
 Summon Cactus Giant      Summ           Unusable   N/A       N/A         6
 Spellforged Servitor     Conj/Summ      Unusable   N/A       N/A         7
 Summon Hydra             Summ           Unusable   N/A       N/A         7

Dungeon Overview and Level Annotations

Branches:
Dungeon (15/15)            Temple (1/1) D:4            Lair (5/5) D:8
  Swamp (4/4) Lair:2       Spider (1/4) Lair:3        Slime (0/5) Lair:4
    Orc (2/2) D:11            Elf (0/3) Orc:2        Vaults (0/5) D:13
 Depths (0/4) D:15        Ossuary (visited)           IceCv (visited)
Gauntlet (visited)

Altars:
Ashenzari
Cheibriados
Dithmenos
Elyvilon
Gozag
Kikubaaqudgha
Makhleb
Nemelex Xobeh
Okawaru
Qazlal
Ru
Sif Muna
Trog
Uskayaw
Vehumet
Wu Jian
Xom
Zin
The Shining One

Shops:
D:1 (   D:8 *   D:11 *   Orc:2 ([**:

Annotations:
Lair:4 1 runed translucent door
Swamp:3 Mara


Innate Abilities, Weirdness & Mutations

You are very clumsy. (Dex -4)
You cannot be stealthy.
You are hated by all.
You cannot study or cast Fire magic.
You cannot study or cast Hexes magic.
You cannot study or cast Translocations magic.
You expend magic power (3 MP) to strengthen your wands.
Your movements are slightly less encumbered by armour. (ER -2)


Message History

The spriggan rider is moderately wounded.
The goliath frog hits you!
* * * LOW HITPOINT WARNING * * *
The acid corrodes you!
You are splashed with acid!
* * * LOW HITPOINT WARNING * * *
The spriggan rider closely misses you. You block the spriggan rider's attack.
The goliath frog hits you but does no damage.
The spriggan rider blocks your attack.
The spriggan rider is moderately wounded.
The goliath frog completely misses you. The spriggan rider barely misses you.
The spriggan rider hits you with a +0 spear!
* * * LOW HITPOINT WARNING * * *
You block the goliath frog's attack.
Unknown command.
You completely miss the goliath frog.
The goliath frog is moderately wounded.
You block the goliath frog's attack. You block the spriggan rider's attack.
The goliath frog hits you from afar!
* * * LOW HITPOINT WARNING * * *
You are splashed with acid!
* * * LOW HITPOINT WARNING * * *
The spriggan rider hits you with a +0 spear.
* * * LOW HITPOINT WARNING * * *
You focus your inner power and illuminate the spriggan rider in retribution!
Aiming: Power Leap
Press: ? - help, Dir - move target The goliath frog hits you from afar!
* * * LOW HITPOINT WARNING * * *
You are splashed with acid.
* * * LOW HITPOINT WARNING * * *
You block the spriggan rider's attack.
Unknown command.
Unknown command.
Your magical effects are unravelling.
You feel magically purged.
You are no longer corroded.
The goliath frog hits you from afar.
* * * LOW HITPOINT WARNING * * *
You are splashed with acid!
You die...

~~~~~.♣♣♣.~~
♣.~~§.~♣...~~ ♣♣♣
.~~~..~~~~~. ♣♣~§~
.....§~~~~♣
♣.~~~♣♣.§§~~~§^♣
♣.~~~..~~~§~~~.♣♣~
~.~....~~iF§~~....
♣...@iF...~.~~.
~~...~.♣♣~~~......
...~~..♣~~†~.♣♣..
~~..<.♣♣♣♣~~~♣
~~.~♣♣ ♣♣♣♣♣ ♣♣♣♣


You could see 2 spriggan riders and 2 goliath frogs.

Vanquished Creatures
  Nikola (Swamp:2)
  Gastronok (D:11)
  A tentacled starspawn (Abyss:3)
  Frances (Swamp:2)
  A thorn hunter (Swamp:2)
  A fenstrider witch (Swamp:3)
  2 orc warlords
  A balrug (Gauntlet)
  Louise (Swamp:1)
  Aizul (Swamp:1)
  A caustic shrike skeleton (Abyss:3)
  2 very ugly things
  An ironbound preserver (D:13)
  A minotaur (Gauntlet)
  An entropy weaver (Spider:1)
  2 eleionomae
  A lorocyproca (Abyss:3)
  Nessos (D:15)
  A bunyip (Swamp:3)
  A dire elephant (Lair:5)
  A blizzard demon (Abyss:4)
  Josephine (Swamp:1)
  An ettin (D:15)
  Harold (Lair:1)
  5 boulder beetles
  10 hydras
  An ogre mage (D:15)
  A death knight (D:14)
  A ghost crab (Swamp:1)
  A jorogumo (Spider:1)
  3 centaur warriors
  2 catoblepae
  6 two-headed ogres
  A deep troll shaman (Lair:5)
  5 alligators
  6 death yaks (Lair:5)
  4 thrashing horrors (Abyss:3)
  4 orc high priests
  Urug (D:10)
  2 tengu warriors
  Amaemon (Lair:1)
  Nergalle (Orc:1)
  A sun demon (Abyss:3)
  2 pharaoh ants (Spider:1)
  2 sun moths
  2 swamp dragons
  The ghost of THTSBRD the Skirmisher, a novice FoHu (D:14)
  A skeletal warrior (D:11)
  5 goliath frogs
  7 bog bodies
  2 spriggan druids
  3 steelbarb worms (Spider:1)
  2 deep trolls (D:15)
  A necromancer (D:15)
  6 orb spiders
  2 wizards
  5 large abominations (Abyss:3)
  20 ugly things
  3 orc knights
  3 orc sorcerers
  2 deep elf pyromancers
  6 wolf spiders
  4 will-o-the-wisps
  4 manticores
  3 black mambas (Lair:3)
  7 cyclopes
  7 elephants
  A guardian serpent (shapeshifter) (Abyss:4)
  Joseph (D:9)
  An apocalypse crab (Abyss:3)
  2 torpor snails
  An orange demon (Lair:1)
  4 cane toads
  A smoke demon (Abyss:3)
  2 gargoyles
  A kobold demonologist (D:9)
  A minotaur zombie (Gauntlet)
  14 komodo dragons
  A rime drake (Lair:1)
  3 demonic crawlers (Spider:1)
  Psyche (D:10)
  A yaktaur (shapeshifter) (D:14)
  2 efreet
  2 golden dragon simulacra (IceCv)
  2 tengu conjurers (D:15)
  An ice devil (Gauntlet)
  2 ancient zymes (Abyss:3)
  A meliai (D:13)
  A polar bear (Lair:5)
  12 trolls
  5 hornets
  3 tarantellas (Spider:1)
  9 tyrant leeches
  Grinder (D:4)
  6 raiju (Abyss:3)
  23 blink frogs
  4 slime creatures (D:15)
  5 dream sheep (Lair:4)
  A centaur simulacrum (D:15)
  2 culicivoras
  7 spriggans
  2 water elementals (D:15)
  3 ynoxinuls
  7 jumping spiders
  7 wraiths
  5 shadows
  6 wyverns
  A yak (shapeshifter) (D:15)
  34 yaks
  A dire elephant simulacrum (IceCv)
  A steam dragon (D:9)
  6 basilisks
  Grum (D:8)
  17 vampire mosquitoes
  7 redbacks
  9 wargs
  4 acid dragons
  A harpy simulacrum (D:15)
  8 swamp worms
  A hydra simulacrum (IceCv)
  A hell hound (Gauntlet)
  9 water moccasins
  25 orc warriors
  2 swamp drakes (Swamp:1)
  4 black bears
  An alligator simulacrum (IceCv)
  An ettin simulacrum (IceCv)
  2 ice beasts
  22 wolves
  6 ogres
  8 centaurs
  2 kobold brigands
  A gnoll sergeant (D:11)
  8 bullfrogs
  5 scorpions
  3 small abominations (Abyss:3)
  23 wights
  2 lindwurm simulacra (IceCv)
  7 electric eels
  4 howler monkeys
  A quasit (Abyss:3)
  3 hounds (D:7)
  8 orc priests
  An iron imp (Abyss:3)
  3 jellies
  8 iguanas
  24 orc wizards
  9 mummies
  13 adders
  12 gnolls
  A shadow imp (Gauntlet)
  5 white imps
  An ufetubus (Abyss:3)
  4 worms
  A dart slug (D:3)
  72 orcs
  5 ball pythons
  9 bats
  8 endoplasms
  3 giant cockroaches
  2 gnoll zombies (Ossuary)
  8 goblins
  9 hobgoblins
  4 jackals (D:5)
  14 kobolds
  3 quokkas
  2 frilled lizards
  4 hobgoblin zombies (Ossuary)
  A kobold zombie (Ossuary)
  An orc zombie (Ossuary)
  3 rats
  2 lurking horrors (Abyss:3)
808 creatures vanquished.

Vanquished Creatures (others)
  A jorogumo (Spider:1)
  An orb spider (Spider:1)
  A komodo dragon (Lair:5)
  A raiju (Abyss:3)
  2 bloated husks
  A yak (Lair:3)
  A ynoxinul (Abyss:3)
  A steam dragon (Lair:3)
  A swamp worm (Swamp:3)
  A water moccasin (Lair:1)
  An ogre (D:15)
  An orc wizard (D:12)
  An orc (D:11)
  28 foxfires
  52 fungi
  33 plants
  7 starspawn tentacles (Abyss:3)
134 creatures vanquished.

Grand Total: 942 creatures vanquished

Notes
Turn   | Place    | Note
-------+----------+-------------------------------------------
     0 | D:1      | cdecastro the Hill Orc Fighter began the quest for the Orb.
     0 | D:1      | Reached XP level 1. HP: 19/19 MP: 1/1
   181 | D:1      | Reached XP level 2. HP: 23/26 MP: 2/2
   236 | D:1      | Found a faded altar of an unknown god.
   358 | D:1      | Found Vothrana's Antique Weapon Shoppe.
   565 | D:2      | Reached XP level 3. HP: 28/31 MP: 3/3
   758 | D:2      | Reached skill level 5 in Axes
  1045 | D:2      | Reached XP level 4. HP: 34/39 MP: 4/4
  1465 | D:3      | Noticed a centaur
  1472 | D:3      | Killed a centaur
  1473 | D:3      | Reached XP level 5. HP: 41/45 MP: 5/5
  2695 | D:4      | Noticed Grinder
  2698 | D:4      | Paralysed by Grinder for 5 turns
  2774 | D:4      | Noticed a black bear
  2792 | D:3      | Reached XP level 6. HP: 51/51 MP: 6/6
  2846 | D:4      | Noticed a black bear
  2866 | D:4      | Killed a black bear
  3148 | D:5      | Entered Level 5 of the Dungeon
  3254 | D:5      | Found a sand-covered staircase.
  3313 | Ossuary  | Entered an ossuary
  3363 | Ossuary  | Reached XP level 7. HP: 31/57 MP: 7/7
  3623 | Ossuary  | Reached skill level 10 in Axes
  3811 | D:5      | Found a shimmering blue altar of Sif Muna.
  3972 | D:5      | Found a hide-covered altar of Uskayaw.
  4207 | D:5      | Reached skill level 5 in Fighting
  4287 | D:5      | Found a sacrificial altar of Ru.
  5080 | D:5      | Became a worshipper of Ru the Awakened
  5184 | D:6      | Reached XP level 8. HP: 68/71 MP: 8/8
  6102 | D:7      | Found the +7 Singing Sword {vorpal, sonic wave}
  6132 | D:7      | Reached skill level 10 in Fighting
  6187 | D:7      | Noticed a wyvern
  6200 | D:7      | Killed a wyvern
  6201 | D:7      | Reached XP level 9. HP: 48/85 MP: 9/9
  6356 | D:7      | Gained mutation: You cannot study or cast Fire magic. [Ru
                  | sacrifice]
  6356 | D:7      | Gained mutation: You cannot study or cast Hexes magic. [Ru
                  | sacrifice]
  6356 | D:7      | Gained mutation: You cannot study or cast Translocations
                  | magic. [Ru sacrifice]
  6356 | D:7      | Reached * piety under Ru
  7329 | D:8      | Reached skill level 1 in Long Blades
  7329 | D:8      | Noticed Grum
  7618 | D:8      | Killed Grum
  7619 | D:8      | Reached skill level 5 in Long Blades
  7736 | D:8      | Found a staircase to the Lair.
  7936 | D:8      | Found Zopufof's General Store.
  7941 | D:8      | Bought a scroll of summoning for 123 gold pieces
  7941 | D:8      | Bought a potion of heal wounds for 65 gold pieces
  8806 | D:8      | Reached XP level 10. HP: 93/93 MP: 10/10
  8949 | D:8      | Noticed a two-headed ogre
  8956 | D:8      | Killed a two-headed ogre
  8958 | D:8      | Found a glowing golden altar of the Shining One.
  9202 | D:8      | Reached skill level 10 in Long Blades
  9371 | D:9      | Noticed a kobold demonologist
  9432 | D:9      | Killed a kobold demonologist
  9433 | D:9      | Reached skill level 5 in Armour
  9914 | D:9      | Noticed Joseph
  9941 | D:9      | Killed Joseph
 10252 | D:9      | Found a snail-covered altar of Cheibriados.
 10253 | D:9      | Found an ornate altar of the Wu Jian Council.
 10253 | D:9      | Found an opulent altar of Gozag.
 10254 | D:9      | Found an iron altar of Okawaru.
 10317 | D:9      | Found a roughly hewn altar of Beogh.
 10389 | D:9      | Found a basalt altar of Yredelemnul.
 10415 | D:10     | Entered Level 10 of the Dungeon
 10471 | D:10     | Found a shadowy altar of Dithmenos.
 10642 | D:10     | Reached XP level 11. HP: 31/94 MP: 11/11
 11130 | D:10     | Noticed Urug
 11145 | D:10     | Killed Urug
 11170 | D:10     | Reached skill level 10 in Armour
 11372 | D:10     | Found a blossoming altar of Fedhas.
 11373 | D:10     | Noticed Psyche
 11385 | D:10     | Killed Psyche
 11682 | D:10     | Identified the +7 flail of Adupiat {holy, SInv}
 12088 | D:10     | Found a bloodstained altar of Trog.
 12199 | D:10     | Found a hazy altar of Hepliaklqana.
 12350 | D:11     | Noticed a boulder beetle
 12366 | D:11     | Killed a boulder beetle
 12483 | D:11     | Noticed a manticore
 12589 | D:10     | Killed a manticore
 12901 | D:11     | Noticed a two-headed ogre
 13089 | D:11     | Noticed a purple ugly thing
 13095 | D:11     | Noticed a red ugly thing
 13100 | D:11     | Killed a red ugly thing
 13103 | D:11     | Killed a white ugly thing
 13124 | D:11     | Noticed a tengu warrior
 13133 | D:11     | Killed a tengu warrior
 13237 | D:11     | Killed a two-headed ogre
 13277 | D:11     | Noticed a skeletal warrior
 13296 | D:11     | Killed a skeletal warrior
 13467 | D:11     | Reached XP level 12. HP: 104/106 MP: 12/12
 13618 | D:11     | Found Zoazxi Kuo's General Store.
 13621 | D:11     | Bought a scroll of amnesia for 48 gold pieces
 13621 | D:11     | Bought a potion of curing for 36 gold pieces
 13882 | D:11     | Found a staircase to the Orcish Mines.
 13964 | D:11     | Noticed a four-headed hydra
 14375 | D:4      | Killed Grinder
 14805 | D:4      | Found a staircase to the Ecumenical Temple.
 14809 | Temple   | Entered the Ecumenical Temple
 15217 | D:12     | Noticed a two-headed ogre
 15235 | D:12     | Killed a two-headed ogre
 15320 | D:12     | Reached skill level 15 in Long Blades
 15443 | D:12     | Noticed a four-headed hydra
 15453 | D:12     | Killed a four-headed hydra
 15457 | D:12     | Noticed a boulder beetle
 15468 | D:12     | Killed a boulder beetle
 15591 | D:11     | Noticed Gastronok
 15753 | D:11     | Killed a four-headed hydra
 15819 | D:11     | Killed Gastronok
 16186 | D:12     | Gained mutation: You are clumsy. (Dex -2) [Ru sacrifice]
 16443 | D:13     | Identified the +3 lajatang of Infinite Pain {drain, rCorr
                  | Dex+3}
 16541 | D:13     | Found a gate leading to a gauntlet.
 16550 | Gauntlet | Entered a Gauntlet
 16550 | Gauntlet | Found a transporter.
 16550 | Gauntlet | Found a transporter.
 16558 | Gauntlet | Found a transporter.
 16562 | Gauntlet | Found a transporter.
 16573 | Gauntlet | Found a transporter.
 16574 | Gauntlet | Found a transporter.
 16579 | Gauntlet | Noticed a balrug
 16583 | Gauntlet | Found a transporter.
 16595 | Gauntlet | Noticed a blizzard demon
 16599 | Gauntlet | Found a transporter.
 16613 | Gauntlet | Found a transporter.
 16617 | Gauntlet | Found a transporter.
 16619 | Gauntlet | Found a runed translucent gate.
 16619 | Gauntlet | Found a runed translucent gate.
 16619 | Gauntlet | Found a runed translucent gate.
 16625 | Gauntlet | Found a transporter.
 16629 | Gauntlet | Found a transporter.
 16793 | Gauntlet | Identified the ring "Cuqischylea" {Fire rPois Int+4}
 16846 | Gauntlet | Killed a balrug
 16847 | Gauntlet | Reached XP level 13. HP: 41/119 MP: 13/13
 16918 | Gauntlet | Noticed a minotaur
 16930 | Gauntlet | Killed a minotaur
 17265 | D:13     | Noticed an ironbound preserver
 17352 | D:13     | Killed an ironbound preserver
 17494 | D:13     | Found a gate to the Vaults.
 17617 | D:14     | Reached skill level 15 in Fighting
 17626 | D:14     | Found an iron altar of Okawaru.
 17654 | D:14     | Reached skill level 1 in Evocations
 17835 | D:14     | Reached skill level 5 in Evocations
 17881 | D:14     | Reached skill level 5 in Shields
 18036 | D:14     | Found a frozen archway.
 18049 | IceCv    | Entered an ice cave
 18049 | IceCv    | Noticed a white very ugly thing
 18065 | IceCv    | Reached XP level 14. HP: 67/135 MP: 14/14
 18082 | IceCv    | Found a transporter.
 18085 | IceCv    | Killed a white very ugly thing
 18089 | IceCv    | Noticed a white very ugly thing
 18095 | IceCv    | Found a transporter.
 18288 | D:14     | Found a large runed translucent door.
 18289 | D:14     | Found a large runed translucent door.
 18289 | D:14     | Noticed THTSBRD's ghost (novice FoHu)
 18313 | D:14     | Killed THTSBRD's ghost
 18315 | D:14     | Identified the ring of Puajan {Contam rF++ rC- rCorr
                  | Slay+4}
 18461 | D:14     | Gained mutation: You cannot be stealthy. [Ru sacrifice]
 18461 | D:14     | Reached ** piety under Ru
 18770 | D:15     | Entered Level 15 of the Dungeon
 19018 | D:15     | Reached skill level 10 in Shields
 19297 | D:15     | Found a staircase to the Depths.
 19742 | D:15     | Noticed Nessos
 19753 | D:15     | Killed Nessos
 19987 | Orc:1    | Entered Level 1 of the Orcish Mines
 20015 | Orc:1    | Noticed Nergalle
 20027 | Orc:1    | Killed Nergalle
 20116 | Orc:1    | Noticed an orc warlord
 20150 | Orc:1    | Killed an orc warlord
 20492 | Orc:1    | Gained mutation: You are very clumsy. (Dex -4) [Ru
                  | sacrifice]
 20492 | Orc:1    | Reached *** piety under Ru
 20545 | Orc:2    | Entered Level 2 of the Orcish Mines
 20599 | Orc:2    | Found Qududoede's Book Boutique.
 20904 | Orc:2    | Found Etudy's General Store.
 21028 | Orc:2    | Noticed an orc warlord
 21051 | Orc:2    | Found Athrasch's Antique Armour Emporium.
 21063 | Orc:2    | Killed an orc warlord
 21064 | Orc:2    | Reached XP level 15. HP: 89/141 MP: 15/15
 21151 | Orc:2    | Found Buajeut's Antique Weapon Boutique.
 21161 | Orc:2    | Found a staircase to the Elven Halls.
 21339 | Orc:2    | Found Onwine's Gadget Gallery.
 21800 | Lair:1   | Entered Level 1 of the Lair of Beasts
 21949 | Lair:1   | Noticed Amaemon
 22014 | Lair:1   | Killed Amaemon
 22135 | Lair:1   | Noticed Harold
 22152 | Lair:1   | Killed Harold
 22300 | Lair:1   | Gained mutation: You are hated by all. [Ru sacrifice]
 22300 | Lair:1   | Reached **** piety under Ru
 23212 | Lair:2   | Found a staircase to the Swamp.
 24429 | Lair:3   | Found a hole to the Spider Nest.
 25139 | Lair:4   | Found a runed translucent door.
 25143 | Lair:4   | Noticed an acid blob
 25144 | Lair:4   | Found a staircase to the Slime Pits.
 25463 | Lair:5   | Entered Level 5 of the Lair of Beasts
 26276 | Lair:5   | Reached XP level 16. HP: 134/157 MP: 16/16
 26421 | Lair:5   | Identified the +0 scale mail of the Slorg {Regen+ Dex+4}
 27260 | Swamp:1  | Entered Level 1 of the Swamp
 27525 | Swamp:1  | Noticed Josephine
 27536 | Swamp:1  | Killed Josephine
 27656 | Swamp:1  | Noticed Aizul
 27680 | Swamp:1  | Killed Aizul
 27958 | Swamp:1  | Noticed Louise
 27958 | Abyss:3  | Cast into level 3 of the Abyss (Louise)
 28097 | Abyss:3  | Noticed a tentacled starspawn
 28176 | Abyss:3  | Found a corrupted altar of Lugonu.
 28176 | Abyss:3  | Noticed a dread lich
 28178 | Abyss:3  | Noticed a Brimstone Fiend
 28187 | Abyss:3  | Noticed a tentacled starspawn
 28229 | Abyss:3  | Noticed a tentacled starspawn
 28238 | Abyss:3  | Killed a tentacled starspawn
 28793 | Abyss:3  | Noticed a tentacled starspawn
 28924 | Abyss:3  | Noticed a tentacled starspawn
 28924 | Abyss:3  | Gained mutation: You occasionally lose the ability to read
                  | scrolls when taking damage. [a neqoxec]
 28937 | Abyss:3  | Noticed a lich
 28942 | Abyss:3  | Noticed an ancient lich
 29080 | Swamp:1  | Escaped the Abyss
 29244 | Swamp:1  | Killed Louise
 29641 | Swamp:2  | Noticed a thorn hunter
 29669 | Swamp:2  | Killed a thorn hunter
 29953 | Swamp:2  | Noticed Frances
 30303 | D:15     | Lost mutation: You occasionally lose the ability to read
                  | scrolls when taking damage. [potion of mutation]
 30303 | D:15     | Gained mutation: Your movements are slightly less
                  | encumbered by armour. (ER -2) [potion of mutation]
 30303 | D:15     | Gained mutation: You expend magic power (3 MP) to
                  | strengthen your wands. [potion of mutation]
 30473 | Orc:2    | Bought a tin of tremorstones (2/2) for 560 gold pieces
 30473 | Orc:2    | Bought a wand of paralysis (3) for 100 gold pieces
 30473 | Orc:2    | Bought a wand of paralysis (4) for 134 gold pieces
 30473 | Orc:2    | Bought a wand of light (6) for 352 gold pieces
 30473 | Orc:2    | Bought a wand of paralysis (7) for 235 gold pieces
 30507 | Orc:2    | Bought a pair of embroidered gloves for 217 gold pieces
 30618 | D:11     | Bought a phial of floods for 480 gold pieces
 31172 | Swamp:3  | Noticed Mara
 31257 | Spider:1 | Entered Level 1 of the Spider Nest
 31573 | Spider:1 | Reached XP level 17. HP: 145/170 MP: 17/17
 31735 | Lair:3   | Reached skill level 10 in Evocations
 32793 | Swamp:2  | Noticed Nikola
 32816 | Swamp:2  | Killed Nikola
 33133 | Swamp:2  | Killed Frances
 33272 | Swamp:3  | Reached skill level 1 in Dodging
 33588 | Swamp:4  | Entered Level 4 of the Swamp
 33632 | Swamp:4  | HP: 7/170 [acid (6)]
 33633 | Swamp:4  | Splashed by a goliath frog's acid

Illustrated notes

Levels and vault maps discovered:
D:1:      saegor_arrival_miasma, layout_basic, serial_shops,
          nicolae_square_shop, ebering_ecumenical_altar_box
D:2:      layout_loops_ring, minmay_tetromino_s4
D:3:      layout_loops_corners, grunt_decor_fettered
D:4:      layout_loops_cross, temple_hall_moat, grunt_decor_mini_mirrors,
          uniq_grinder
D:5:      layout_basic, nicolae_ru_awakened_eye, mainiacjoe_overflow_brackets,
          mainiacjoe_overflow_paths, gup_ossuary_entry_pyramid,
          bh_walls_and_bars
D:6:      layout_cave_pools, hangedman_decor_points
D:7:      old_forge, layout_basic
D:8:      layout_loops_corners, overflow_temple_1_default,
          erik_lair_orcish_takeover, serial_shops, nicolae_shop_crystal,
          uniq_grum
D:9:      layout_basic, lemuel_tele_altar,
          chequers_temple_overflow_statue_of_worship, david_defended_altar_orc,
          uniq_joseph
D:10:     layout_basic, lemuel_crystal_altar, fedhas_altar_1,
          kennysheep_mini_moat, worldfamousw_hep_ancestral_shrine, uniq_urug,
          uniq_psyche
D:11:     minmay_clustersquares, layout_basic, erik_orc_2, serial_shops,
          kennysheep_mini, grunt_ministairs_9, uniq_gastronok
D:12:     layout_basic, drop_trap
D:13:     layout_rooms, skrybe_vaults_entry_preservation, gauntlet_entry_generic
D:14:     layout_loops_ring, portal_ice_cave_entry_pillars_three,
          ebering_ghost_disaster_area, okawaru_trees_1
D:15:     hangedman_depths_entry_civil_slaughter, layout_basic,
          minmay_misc_feat_room, uniq_nessos
Temple:   chequers_temple_sunken
Lair:1:   layout_big_grid, wad_woods_river_01, grunt_megastairs_5, uniq_harold,
          uniq_amaemon
Lair:2:   layout_cave_pods, skrybe_swamp_entry_bodies, fungi_pond_lemuel,
          lemuel_fruit_tree
Lair:3:   layout_hall_layers, nicolae_spider_entry_orb_guardian, st_stairs_11
Lair:4:   layout_roguey, slime_entry_2
Lair:5:   grunt_lair_end_beastmaster, layout_layer_cave,
          chequers_serial_rivers_large_a
Swamp:1:  layout_falls_marsh, hangedman_swamp_ruin_hall, swamp_pool2,
          infiniplex_staircase_pool, uniq_aizul, uniq_louise, uniq_josephine
Swamp:2:  layout_basic_swamp, hangedman_swamp_ruin_wall, nicolae_swamp_treefoil,
          uniq_frances, uniq_nikola
Swamp:3:  nicolae_swamp_decorative_isthmus, layout_basic_swamp,
          nicolae_swamp_tree_isthmus, swamp_pool3, statue_in_the_mist_lemuel,
          uniq_mara
Swamp:4:  swamp_fiery, layout_basic_swamp, swamp_pool1
Spider:1: layout_cave_pods
Orc:1:    layout_caves, uniq_nergalle
Orc:2:    grunt_orc_gardens, layout_diamond_mine, grunt_orc_garden,
          grunt_orc_garden, grunt_orc_garden, grunt_orc_garden, special_room,
          nicolae_orc_damp_corner, nicolae_shop_gadgets

Skill      XL: |  1  2  3  4  5  6  7  8  9 10 11 12 13 14 15 16 17 |
---------------+----------------------------------------------------+-----
Axes           | 3 4 5 7 8 9 10 11 | 11.1
Fighting       | 6 10 12 15 17 20 | 20.0
Long Blades    | 8 10 13 16 18 20 | 20.0
Armour         | 8 10 | 10.0
Evocations     | 5 9 10 | 10.0
Shields        | 7 10 12 | 12.0
Dodging        | 3 |  3.6

Action                   |  1- 3 |  4- 6 |  7- 9 | 10-12 | 13-15 | 16-18 || total
-------------------------+-------+-------+-------+-------+-------+-------++-------
Melee: War axe           |    86 |   147 |   251 |       |       |       ||   484
       Punch             |       |     3 |     6 |     5 |     3 |       ||    17
       Double sword      |       |       |    71 |   418 |  1101 |  1082 ||  2672
       Dire flail        |       |       |       |    11 |       |       ||    11
       Flail             |       |       |       |       |     5 |       ||     5
       Scimitar          |       |       |       |       |    35 |    24 ||    59
Throw: Boomerang         |       |       |       |       |       |     5 ||     5
Invok: Sacrifice Arcana  |       |       |     1 |       |       |       ||     1
       Reject Sacrifices |       |       |       |     1 |     1 |     1 ||     3
       Sacrifice Purity  |       |       |       |     1 |     1 |       ||     2
       Sacrifice Stealth |       |       |       |       |     1 |       ||     1
       Sacrifice Love    |       |       |       |       |     1 |       ||     1
       Power Leap        |       |       |       |       |       |     7 ||     7
Evoke: Wand              |       |       |       |     6 |    27 |       ||    33
  Use: Potion            |       |     1 |       |     3 |     3 |     9 ||    16
       Scroll            |       |       |     6 |     6 |    16 |    17 ||    45
 Stab: Paralysed         |       |       |       |       |    10 |     3 ||    13
       Invisible         |       |       |       |       |     4 |     8 ||    12
       Distracted        |       |       |       |       |     2 |     2 ||     4
       Petrifying        |       |       |       |       |     1 |       ||     1
       Confused          |       |       |       |       |       |     2 ||     2
Armor: Scale mail        |    56 |    30 |       |       |       |       ||    86
       Chain mail        |       |    80 |   177 |   209 |   208 |       ||   674
       Plate armour      |       |       |       |       |   264 |   605 ||   869
Dodge: Dodged            |    53 |    66 |   129 |   158 |   217 |   241 ||   864
Block: Kite shield       |       |       |       |       |   437 |   598 ||  1035
